 Dungeon Sprint DCSS version 0.29-a0-334-gb41bcbb86e (webtiles) character file.

Game seed: 8195885663047842752

7190 mhtbhm the Bludgeoner (level 10, -2/102 HPs)
             Began as a Palentonga Berserker on Apr 13, 2022.
             Was the Champion of Trog.
             Slain by a tyrant leech (25 damage)
             ... in the Dungeon (Sprint IX: "|||||||||||||||||||||||||||||") on Apr 14, 2022.
             The game lasted 00:02:03 (1344 turns).

mhtbhm the Bludgeoner (Palentonga Berserker)        Turns: 1344, Time: 00:02:03

Health: -2/102     AC: 19    Str: 25    XL:     10   Next: 87%
Magic:  10/10      EV:  9    Int:  8    God:    Trog [******]
Gold:   8          SH:  0    Dex: 15    Spells: 9/9 levels left

rFire   + . .      SeeInvis +   a - +2 morningstar of Unreason {venom, rElec rC+}
rCold   + . .      Faith    .   (no shield)
rNeg    . . .      Spirit   .   b - +1 chain mail {rF+}
rPois   .          Reflect  .   (no helmet)
rElec   +          Harm     .   (no cloak)
rCorr   .          Rampage  .   k - +0 pair of gloves
Will    .....      NoTele   +   (no barding)
Stlth   ..........              (no amulet)
HPRegen 0.27/turn               l - +3 ring of dexterity
MPRegen 0.12/turn               m - +3 ring of dexterity

@: on berserk cooldown, slowed, curled up, very slow
A: large, rugged brown scales 3, see invisible, deformed body, roll 1, armoured
tail, reflexive curl
a: Rolling Charge, Renounce Religion, Berserk, Trog's Hand, Brothers in Arms


You were in the Dungeon.
You worshipped Trog.
Trog was exalted by your worship.
You visited 1 branch You collected 8 gold pieces.

Inventory:

Hand Weapons
 a - the +2 morningstar of Unreason (weapon) {venom, rElec rC+}
   (You found it in the Dungeon)

   It poisons the flesh of those it strikes.
   rC:        It protects you from cold.
   rElec:     It insulates you from electricity.
 n - the +10 dire flail "Ecokk" {flame, Str+3}
   (Trog gifted it to you in the Dungeon)

   It burns those it strikes, dealing additional fire damage.
   Str:       It affects your strength (+3).
Armour
 b - a +1 chain mail of fire resistance (worn)
 k - a +0 pair of gloves (worn)
Jewellery
 l - a +3 ring of dexterity (left hand)
 m - a +3 ring of dexterity (right hand)
Wands
 j - a wand of acid (9)
Scrolls
 h - 3 scrolls of blinking
 q - 2 scrolls of identify
 r - 2 scrolls of enchant weapon
 s - 2 scrolls of fog
Potions
 c - 4 potions of curing
 d - 6 potions of heal wounds
 e - a potion of haste
 f - 4 potions of magic
 g - a potion of berserk rage
 i - a potion of invisibility
 o - 2 potions of resistance
 p - a potion of cancellation


   Skills:
 + Level 15.3 Fighting
 + Level 17.5 Maces & Flails
 + Level 8.6 Armour
 + Level 7.5 Dodging


You had 9 spell levels left.
You didn't know any spells.
Your spell library was empty.

Dungeon Overview and Level Annotations

Branches:
Dungeon (1/1)

Altars:
Cheibriados
Dithmenos
Elyvilon
Fedhas
Gozag
Hepliaklqana
Kikubaaqudgha
Makhleb
Nemelex Xobeh
Okawaru
Qazlal
Ru
Sif Muna
Trog
Uskayaw
Vehumet
Wu Jian
Xom
Yredelemnul
Zin
The Shining One
Beogh
Jiyva
Lugonu


Innate Abilities, Weirdness & Mutations

You are completely covered in rugged brown scales. (AC +3, +7% HP)
You have supernaturally acute eyesight. (SInv)
Armour fits poorly on your strangely shaped body.
You can roll at nearby foes to attack.
You have a long armoured tail.
You curl defensively after being hit. (AC +7*)


Message History

Things that are here:
a cane toad corpse; a cane toad corpse; a tyrant leech corpse You barely miss the tyrant leech.
You barely miss the tyrant leech.
Your tail-slap misses the tyrant leech.
The blink frog blinks!
You impale the tyrant leech!!
The tyrant leech is poisoned.
You tail-slap the tyrant leech!
The tyrant leech is heavily wounded.
The tyrant leech bites you!!
* * * LOW HITPOINT WARNING * * *
The tyrant leech draws strength from your injuries!
You bludgeon the tyrant leech!!
The tyrant leech looks as sick as possible!
The tyrant leech is almost dead.
You miss the tyrant leech.
The tyrant leech is almost dead.
You are no longer berserk.
You are exhausted.
You feel yourself slow down.
You thump the tyrant leech!
You kill the tyrant leech!
Trog accepts your kill.
Unknown command.
You bludgeon the tyrant leech!!
The tyrant leech looks as sick as possible!
The tyrant leech is moderately wounded.
The tyrant leech bites you.
* * * LOW HITPOINT WARNING * * *
The tyrant leech draws strength from your injuries!
Unknown command.
Aiming: Corrosive Bolt
Press: ? - help, Shift-Dir - straight line, f - tyrant leech
Aim: a tyrant leech (moderately wounded, extremely poisoned, 53% to hit)
The bolt of acid hits the tyrant leech!
The acid corrodes the tyrant leech!
The tyrant leech is heavily wounded.
The bolt of acid misses the bullfrog.
The bolt of acid hits the blink frog!
The acid corrodes the blink frog!
The blink frog is heavily wounded.
The blink frog blinks!
The tyrant leech bites you!!
You die...

▓.▓.▓.▓
▓.▓.▓[▓
▓.▓.▓[▓
▓.▓.▓)▓
▓.▓.▓)▓
▓§▓.▓?▓
▓F▓.▓.▓
▓w▓.▓'▓
▓@▓.▓_▓
▓.▓.▓_▓
▓.▓.▓_▓
▓F▓.▓_▓
▓.▓.▓_▓
▓.▓.▓_▓
▓÷▓.▓_▓
▓)▓.▓_▓
▓÷▓.▓_▓


You could see a tyrant leech (extremely poisoned, corroded), a blink frog
(corroded) and a bullfrog.

Vanquished Creatures
  A hydra (D)
  A cyclops (D)
  An elephant (D)
  2 unseen horrors (D)
  6 cane toads (D)
  A rime drake (D)
  A komodo dragon (D)
  An efreet (D)
  A troll (D)
  2 tyrant leeches (D)
  A wind drake (shapeshifter) (D)
  A blink frog (D)
  A wyvern (D)
  6 yaks (D)
  A steam dragon (D)
  A basilisk (D)
  2 vampire mosquitoes (D)
  A water moccasin (D)
  A wolf (D)
  A bullfrog (D)
  A howler monkey (D)
  An orc priest (D)
  An iguana (D)
  A dart slug (D)
  2 orcs (D)
  A goblin (D)
  A hobgoblin (D)
  A jackal (D)
  A kobold (D)
  A rat (D)
44 creatures vanquished.

Vanquished Creatures (others)
  A slime creature (D)
1 creature vanquished.

Grand Total: 45 creatures vanquished

Notes
Turn   | Place    | Note
-------+----------+-------------------------------------------
     0 | D        | mhtbhm the Palentonga Berserker began the quest for the
                  | Orb.
     0 | D        | Reached XP level 1. HP: 19/19 MP: 1/1
    11 | D        | Reached ** piety under Trog
    11 | D        | Banished a spatial maelstrom
   107 | D        | Noticed an iguana
   107 | D        | Noticed a howler monkey
   112 | D        | Killed a howler monkey
   113 | D        | Reached skill level 5 in Fighting
   113 | D        | Reached skill level 5 in Maces & Flails
   113 | D        | Reached XP level 2. HP: 19/28 MP: 2/2
   113 | D        | Reached XP level 3. HP: 24/35 MP: 3/3
   115 | D        | Reached XP level 4. HP: 29/42 MP: 4/4
   116 | D        | Reached *** piety under Trog
   124 | D        | Found a snail-covered altar of Cheibriados.
   124 | D        | Found a shadowy altar of Dithmenos.
   124 | D        | Found a white marble altar of Elyvilon.
   124 | D        | Found a blossoming altar of Fedhas.
   124 | D        | Found an opulent altar of Gozag.
   143 | D        | Found a hazy altar of Hepliaklqana.
   144 | D        | Found a viscous altar of Jiyva.
   145 | D        | Found an ancient bone altar of Kikubaaqudgha.
   146 | D        | Found a corrupted altar of Lugonu.
   147 | D        | Found a burning altar of Makhleb.
   148 | D        | Found a sparkling altar of Nemelex Xobeh.
   149 | D        | Found an iron altar of Okawaru.
   150 | D        | Found a stormy altar of Qazlal.
   151 | D        | Found a sacrificial altar of Ru.
   152 | D        | Found a shimmering blue altar of Sif Muna.
   153 | D        | Found a bloodstained altar of Trog.
   154 | D        | Found a hide-covered altar of Uskayaw.
   155 | D        | Found a radiant altar of Vehumet.
   156 | D        | Found an ornate altar of the Wu Jian Council.
   157 | D        | Found a shimmering altar of Xom.
   158 | D        | Found a basalt altar of Yredelemnul.
   159 | D        | Found a glowing silver altar of Zin.
   160 | D        | Found a glowing golden altar of the Shining One.
   179 | D        | Got the +2 morningstar of Unreason {venom, rElec rC+}
   268 | D        | Noticed a vampire mosquito
   268 | D        | Noticed an unseen horror
   268 | D        | Noticed a steam dragon
   268 | D        | Noticed a yak
   268 | D        | Noticed a yak
   271 | D        | Killed a yak
   272 | D        | Reached skill level 8 in Maces & Flails
   272 | D        | Reached XP level 5. HP: 52/52 MP: 5/5
   275 | D        | Killed a yak
   275 | D        | Reached **** piety under Trog
   276 | D        | Reached skill level 9 in Maces & Flails
   276 | D        | Reached XP level 6. HP: 62/62 MP: 6/6
   280 | D        | Killed a steam dragon
   283 | D        | Reached skill level 10 in Maces & Flails
   283 | D        | Gained mutation: You curl defensively after being hit. (AC
                  | +7*) [Palentonga growth]
   283 | D        | Reached XP level 7. HP: 69/69 MP: 7/7
   284 | D        | Killed an unseen horror
   285 | D        | Reached skill level 10 in Fighting
   285 | D        | Reached skill level 11 in Maces & Flails
   285 | D        | Reached skill level 5 in Dodging
   286 | D        | Killed a vampire mosquito
   286 | D        | Reached ***** piety under Trog
   340 | D        | Noticed a slime creature
   340 | D        | Noticed an efreet
   340 | D        | Noticed a troll
   340 | D        | Noticed an unseen horror
   340 | D        | Noticed a wind drake
   340 | D        | Noticed a cyclops
   345 | D        | Killed a cyclops
   346 | D        | Reached skill level 12 in Maces & Flails
   346 | D        | Reached XP level 8. HP: 81/81 MP: 8/8
   348 | D        | Killed a wind drake
   349 | D        | Reached skill level 5 in Armour
   350 | D        | Killed an unseen horror
   351 | D        | Reached skill level 13 in Maces & Flails
   353 | D        | Killed a slime creature
   355 | D        | Killed a troll
   355 | D        | Identified the +10 dire flail "Ecokk" {flame, Str+3} (Trog
                  | gifted it to you in the Dungeon)
   355 | D        | Received a gift from Trog
   357 | D        | Killed an efreet
   358 | D        | Reached XP level 9. HP: 72/89 MP: 9/9
   631 | D        | Noticed a five-headed hydra
   631 | D        | Noticed a cane toad
   631 | D        | Noticed a cane toad
   636 | D        | Killed a cane toad
   637 | D        | Reached skill level 14 in Maces & Flails
   639 | D        | Noticed a cane toad
   646 | D        | Killed a five-headed hydra
   647 | D        | Reached skill level 15 in Maces & Flails
   649 | D        | Killed a cane toad
   649 | D        | Received a gift from Trog
   665 | D        | Killed a cane toad
   666 | D        | Reached XP level 10. HP: 36/100 MP: 10/10
   994 | D        | Noticed an elephant
   999 | D        | Reached skill level 16 in Maces & Flails
   999 | D        | Noticed a cane toad
  1003 | D        | Killed an elephant
  1012 | D        | Reached ****** piety under Trog
  1024 | D        | Killed a cane toad
  1024 | D        | Received a gift from Trog
  1033 | D        | Reached skill level 17 in Maces & Flails
  1309 | D        | Noticed a cane toad
  1309 | D        | Noticed a cane toad
  1320 | D        | Reached skill level 15 in Fighting
  1321 | D        | Killed a cane toad
  1334 | D        | Killed a cane toad
  1344 | D        | Slain by a tyrant leech

Illustrated notes

Levels and vault maps discovered:
D:        linesprint [early_d, line_temple, items_1, d_10, items_2, lair_1,
          lair_end, items_3, orc_1, orc_end, items_4, d_15, swamp_1, shoals_1,
          snake_1, spider_1, d_20, vaults_1, items_5, swamp_end, shoals_end,
          snake_end, spider_end, vaults_end, d_27, items_6, zot_1, zot_end,
          crypt_end, forest_end, elf_end, slime_end, tomb_end, abyss_end,
          pan_hell_end]

Skill      XL: |  1  2  3  4  5  6  7  8  9 10 |
---------------+-------------------------------+-----
Fighting       | 5 8 9 11 12 14 15 | 15.3
Maces & Flails | 5 8 9 10 12 13 15 17 | 17.5
Armour         | 2 3 4 5 6 8 |  8.6
Dodging        | 2 3 4 5 6 7 |  7.5

Action                   |  1- 3 |  4- 6 |  7- 9 | 10-12 || total
-------------------------+-------+-------+-------+-------++-------
Melee: Mace              |    16 |     3 |       |       ||    19
       Tailslap          |     1 |     1 |     8 |    13 ||    23
       Punch             |     1 |       |     2 |       ||     3
       Morningstar       |       |    12 |    46 |    70 ||   128
Invok: Berserk           |     1 |     1 |     2 |     2 ||     6
Evoke: Wand              |       |       |       |     1 ||     1
  Use: Potion            |       |       |     2 |       ||     2
Armor: Animal skin       |     3 |     1 |       |       ||     4
       Ring mail         |       |     4 |     4 |       ||     8
       Chain mail        |       |       |     4 |    11 ||    15
Dodge: Dodged            |     3 |     5 |     9 |    10 ||    27

Table legend: (Time is in decaauts)
 A = Elapsed time spent in this place.
 B = Non-inter-level travel time spent in this place.
 C = Inter-level travel time spent in this place.
 D = Time resting spent in this place.
 E = Time spent auto-exploring this place.
 F = Levels seen in this place.
 G = Mean time per level.
                   A        B        C        D        E       F      G
               +--------+--------+--------+--------+--------+-----+--------+
         Total |   1327 |   1327 |      0 |    972 |     79 |   1 | 1327.0 |
       Dungeon |   1327 |   1327 |      0 |    972 |     79 |   1 | 1327.0 |
               +--------+--------+--------+--------+--------+-----+--------+

Top non-repeatable levels by time:
       D: 1327 daAuts
